[Event "FIDE WSTC Open 50 2025"]
[Site "Prague"]
[Date "2025.02.21"]
[Round "5.15"]
[White "Hebden, Mark L"]
[Black "Schulz, Klaus-Juergen"]
[Result "1-0"]
[Annotator "TA"]
[ECO "D02"]
[WhiteElo "2363"]
[BlackElo "2345"]
[PlyCount "91"]
[EventDate "2025.02.17"]
[EventType "team-tourn"]
[EventCountry "CZE"]
[SourceTitle "playchess.com"]
[Source "ChessBase"]
[SourceQuality "1"]
[TimeControl "40/5400+30:1800+30"]

1. d4 d5 2. Nf3 Nf6 3. Bf4 c6 4. e3 Bf5 5. c4 dxc4 6. Bxc4 {[%emt 0:01:08] D02: 1 d4 d5 2 Nf3 sidelines, including 2...Nf6 3 g3 and 2...Nf6 3 Bf4.} e6 7. O-O h6 8. Nc3 {[%emt 0:01:40] White is slightly better.} Nbd7 9. Rc1 Be7 $146 (9... Nh5 10. Ne5 Nxf4 11. exf4 Nb6 12. Bb3 Qd6 13. Bc2 Bh7 14. Bxh7 Rxh7 15. Ne4 Qe7 {1-0 Talukder,U (1671)-Aeon,S (1436) BAN-ch (Women) 39th 2019 (5)}) 10. Qe2 Ne4 11. Nxe4 Bxe4 12. Nd2 Bg6 13. Rfd1 Nb6 14. Bb3 O-O 15. Nf3 Nd5 16. Bg3 Nf6 17. Ne5 {[%emt 0:01:53] Strongly threatening Nxg6.} Bh7 18. f3 Qb6 19. e4 Rad8 20. Bf2 Qc7 21. Nd3 Rfe8 22. Nc5 Qc8 23. a3 Kh8 24. Ba2 Bg8 25. Bh4 Nd7 26. Bxe7 Rxe7 27. e5 Bh7 28. b4 a6 29. a4 {[%emt 0:03:53][%cal Ba3a4,Ba4a5][%mdl 32] White is much more active.} Qc7 {[%emt 0:10:19] White stays focused until the end.} 30. a5 Nxc5 (30... Nf8 $142) 31. dxc5 $16 Rxd1+ 32. Rxd1 g5 33. Rd6 Kg7 {[%emt 0:00:06] [#]} 34. f4 $1 Re8 (34... gxf4 35. Qg4+) 35. fxg5 hxg5 36. Qd2 Bg6 {[%emt 0:01:52] Black is weak on the dark squares} 37. Qxg5 Qe7 {[%emt 0:00:06] Prevents Qf6+} 38. Qf4 Rh8 39. g3 {[%emt 0:02:40] Against Qh4} Rh5 (39... Rc8 $142 40. Qd2 Rc7) 40. h4 $18 Rf5 41. Qd4 Rf3 42. Kg2 Ra3 {[%emt 0:00:00] [#]} (42... Rd3) 43. Bxe6 $1 {[%emt 0:00:00][%mdl 512] White is clearly winning.} Rd3 (43... fxe6 44. Rd7) 44. Qg4 Kf8 45. h5 Bh7 46. Bf5 {[%emt 0:00:00] Weighted Error Value: White=0.12 (very precise) /Black=0.63  Mistake:       	---       	Black=3      Inaccurate:     	White=4     	Black=7      OK:         	White=15    	Black=7      Best:        	White=2     	Black=1      Brilliant:      	White=1     	---} 1-0

[Event "FIDE WSTC Open 50 2025"]
[Site "Prague"]
[Date "2025.02.21"]
[Round "5.16"]
[White "Polster, Wolfgang"]
[Black "Emms, John M"]
[Result "0-1"]
[Annotator "TA"]
[ECO "C47"]
[WhiteElo "2131"]
[BlackElo "2409"]
[PlyCount "62"]
[EventDate "2025.02.17"]
[EventType "team-tourn"]
[EventCountry "CZE"]
[SourceTitle "playchess.com"]
[Source "ChessBase"]
[SourceQuality "1"]
[TimeControl "40/5400+30:1800+30"]

1. e4 e5 2. Nf3 Nc6 3. Nc3 Nf6 4. g3 Bc5 5. Bg2 d6 6. d3 a5 {[%emt 0:00:24] seems to push 6...a6 aside. C26: Vienna Game: 2...Nf6, sidelines .} 7. O-O O-O 8. h3 h6 {[%emt 0:00:41] Black has an edge.} 9. Kh2 a4 10. a3 Re8 11. Be3 Bxe3 12. fxe3 Ne7 13. Nh4 Ng6 $146 ({Predecessor:} 13... c6 14. d4 Ng6 15. Nxg6 fxg6 16. Qd3 Qb6 17. Rab1 Kh7 18. Qc4 Be6 19. Qb4 Qxb4 20. axb4 {½-½ Utegaliev,A (2488)-Thybo,J (2569) Belgrade Radnicki GM 2021 (8)}) 14. Nf5 c6 15. Qe2 Be6 16. Rae1 b5 17. Rf2 Rb8 18. Ref1 Nh7 19. h4 Kh8 20. Bh3 {[%emt 0:02:29][%cal Of5g7] Threatens to win with Nxg7!.} Rb7 21. Rf3 Rd7 22. Qf2 d5 (22... Rc7 $11) 23. exd5 $14 cxd5 24. Qg1 $2 {[%emt 0:02:47] [#]} (24. Nxb5 $2 e4 25. Rf4 (25. dxe4 $2 dxe4 26. Nbd4 exf3 $19) 25... Qb8 $19 (25... Nxf4 $2 26. Qxf4 exd3 27. Nfd6 $19)) (24. e4 $1 $14 {keeps the upper hand.}) 24... e4 $1 $17 25. R3f2 Ne5 26. Nd4 (26. Nxb5 $17 Nf6 (26... exd3 27. cxd3 Nf6 28. Re2 $17) 27. Nxh6) 26... Bxh3 $19 27. Kxh3 exd3 28. cxd3 Nxd3 29. Rxf7 Nf6 ({Black should play} 29... Nxb2 $19 {and ...Rxf7 should not be overlooked} 30. Ncxb5 Nc4) 30. R1xf6 {[%emt 0:00:25] [#]} gxf6 31. Nc6 $2 (31. Rxd7 Qxd7+ 32. Kg2) 31... Qc8 {[%emt 0:01:49] Weighted Error Value: White=0.55/Black=0.18 (very precise)   Loses game:     	White=1     	---        Mistake:       	White=3     	Black=2      OK:         	White=8     	Black=8      Best:        	White=1     	Black=1} 0-1

[Event "FIDE WSTC Open 50 2025"]
[Site "Prague"]
[Date "2025.02.21"]
[Round "5.17"]
[White "Csiszar, Csaba"]
[Black "Petursson, Margeir"]
[Result "0-1"]
[Annotator "TA"]
[ECO "D02"]
[WhiteElo "2378"]
[BlackElo "2403"]
[PlyCount "42"]
[EventDate "2025.02.17"]
[EventType "team-tourn"]
[EventCountry "CZE"]
[SourceTitle "playchess.com"]
[Source "ChessBase"]
[SourceQuality "1"]
[TimeControl "40/5400+30:1800+30"]

1. d4 Nf6 2. Nf3 d5 3. Bf4 c5 4. e3 Nc6 5. Nbd2 Bg4 6. Bb5 {[%emt 0:00:39] D02: 1 d4 d5 2 Nf3 sidelines, including 2...Nf6 3 g3 and 2...Nf6 3 Bf4.} e6 7. c4 cxd4 8. exd4 {[%emt 0:00:40] The position is equal.} dxc4 9. Qa4 {[%emt 0:00:37] Prevents Bb4} Bxf3 10. Nxf3 Rc8 11. Ne5 $146 (11. Bxc6+ $1 $11 bxc6 (11... Rxc6 12. Ne5 $16) 12. O-O) ({Predecessor:} 11. O-O Nd5 12. Bg5 Be7 13. Bxe7 Ndxe7 14. Qxa7 O-O 15. Bxc6 Rxc6 16. Qxb7 Rb6 17. Qe4 Rxb2 {0-1 Zia,T (2229)-Sidorika,V (2308) Titled Tuesday intern op 13th July blitz 2021 (3)}) 11... Qxd4 $15 12. O-O $2 Qxf4 $19 13. Nxc6 bxc6 14. Bxc6+ {[%emt 0:00:11] [#]} Kd8 $1 ({Much less strong is} 14... Ke7 15. Rad1 Ng4 16. g3 $19) 15. Rad1+ Bd6 16. g3 Qe5 17. Qxa7 {[%emt 0:00:46] f4 would now be deadly.} Rxc6 {[%emt 0:07:45] Black is clearly winning.} 18. Rfe1 Qc5 19. Qxf7 (19. Qb8+ $142 Ke7 20. Qxh8) 19... Rc7 20. Qxe6 Rd7 {[%emt 0:00:11] And now ...Re8 would win.} 21. b4 Qxb4 {[%emt 0:01:16] White did not feel at home in the position after the opening.   Weighted Error Value: White=1.08/Black=0.30  Loses game:     	White=1     	---        Mistake:       	White=2     	---        Inaccurate:     	White=1     	Black=1      OK:         	White=4     	Black=4      Best:        	---       	Black=4      Strong:       	---       	Black=1} 0-1

[Event "FIDE WSTC Open 50 2025"]
[Site "Prague"]
[Date "2025.02.21"]
[Round "5.18"]
[White "Thorhallsson, Throstur"]
[Black "Czebe, Attila"]
[Result "1/2-1/2"]
[Annotator "TA"]
[ECO "B33"]
[WhiteElo "2394"]
[BlackElo "2255"]
[PlyCount "83"]
[EventDate "2025.02.17"]
[EventType "team-tourn"]
[EventCountry "CZE"]
[SourceTitle "playchess.com"]
[Source "ChessBase"]
[SourceQuality "1"]
[TimeControl "40/5400+30:1800+30"]

1. e4 c5 2. Nf3 Nc6 3. d4 cxd4 4. Nxd4 Nf6 5. Nc3 e6 6. Nxc6 dxc6 7. Qxd8+ {[%emt 0:03:41] B45: Sicilian Four Knights.} Kxd8 8. Bf4 Bc5 9. f3 $146 ({Predecessor:} 9. O-O-O+ Ke7 10. Bg3 Rd8 11. Rxd8 Kxd8 12. e5 Nd7 13. Ne4 Be7 14. Be2 Nc5 15. Rd1+ {1-0 Mousavi,S (2424)-Mohandesi,S (2167) IRI-ch sf Arak 2016 (4)}) 9... Nh5 10. O-O-O+ Ke7 {[%emt 0:07:04] [#]} 11. Bc7 Bd7 12. Na4 {[%emt 0:06:41] White has more active pieces.} Rhc8 {[%emt 0:13:30] And now ...Be3+ would win.} 13. Be5 {[%emt 0:08:28] A sharp opening} Be3+ 14. Kb1 c5 15. Bd6+ Ke8 16. Nc3 a6 {[%emt 0:01:44] Against Nb5} 17. Ne2 Bb5 18. Ng3 Nf6 (18... Nxg3 $11 19. hxg3 Bxf1 20. Rdxf1 (20. Rhxf1 Rc6 $11) 20... h6) 19. e5 $14 Nd7 {[%emt 0:01:57][%csl Od6] Strong Square White (d6)} 20. c4 (20. Re1 $14 Bh6 21. Bxb5 axb5 22. Ne4) 20... Bc6 $11 21. Bd3 g6 22. h4 Bd4 23. f4 h5 $1 24. Be4 b5 25. Bxc6 Rxc6 26. cxb5 axb5 27. Ne2 Nb6 28. Nxd4 cxd4 29. Rxd4 Nd5 30. g3 Kd7 31. a3 Kc8 32. Rhd1 Kb7 33. R1d3 (33. Rc1 $14) 33... Rc4 34. Bb4 Rac8 35. Bd2 {[%emt 0:02:07] Repels Rc1+} Ka6 36. Ka2 Kb6 37. Kb1 (37. Kb3 {is interesting.} Kc5 38. Bb4+ Kb6 39. Be1) 37... Ka6 $1 38. Ka2 R8c6 39. Kb3 Kb7 40. Bc3 Ka6 41. Bd2 Kb7 42. Bc3 {Weighted Error Value: White=0.13 (very precise) /Black=0.10 (very precise)   Mistake:       	White=2     	Black=1      Inaccurate:     	White=4     	Black=2      OK:         	White=18    	Black=15     Best:        	White=1     	Black=2      Strong:       	---       	Black=2} 1/2-1/2

[Event "FIDE WSTC Open 50 2025"]
[Site "Prague"]
[Date "2025.02.21"]
[Round "5.19"]
[White "Varga, Zoltan"]
[Black "Olafsson, Helgi"]
[Result "1/2-1/2"]
[Annotator "TA"]
[ECO "C10"]
[WhiteElo "2301"]
[BlackElo "2466"]
[PlyCount "22"]
[EventDate "2025.02.17"]
[EventType "team-tourn"]
[EventCountry "CZE"]
[SourceTitle "playchess.com"]
[Source "ChessBase"]
[SourceQuality "1"]
[TimeControl "40/5400+30:1800+30"]

1. e4 e6 2. d4 d5 3. Nc3 dxe4 4. Nxe4 Nd7 5. Nf3 Ngf6 6. Nxf6+ Nxf6 7. Be3 Bd6 {[%emt 0:00:19] The position is equal. C10: French with 3 Nc3: Unusual Black 3rd moves and 3...dxe4.} 8. g3 b6 $146 ({Predecessor:} 8... O-O 9. Bg2 c6 10. O-O Qc7 11. c4 Rd8 12. Qe2 c5 13. Rac1 Bd7 14. dxc5 Bxc5 15. Bf4 {1-0 Psarouda,E-Makka,I GRE-chT Athens 1996 (3)}) 9. Bb5+ Bd7 10. Qe2 Bxb5 11. Qxb5+ Qd7 {[%emt 0:00:07] Not much happened in this game.   Weighted Error Value: White=0.05 (flawless) /Black=0.00 (flawless)   OK:         	White=3     	Black=3      Best:        	---       	Black=1} 1/2-1/2

[Event "FIDE WSTC Open 50 2025"]
[Site "Prague"]
[Date "2025.02.21"]
[Round "5.20"]
[White "Arnason, Jon L"]
[Black "Krizsany, Laszlo"]
[Result "1-0"]
[Annotator "TA"]
[ECO "B40"]
[WhiteElo "2405"]
[BlackElo "2303"]
[PlyCount "83"]
[EventDate "2025.02.17"]
[EventType "team-tourn"]
[EventCountry "CZE"]
[SourceTitle "playchess.com"]
[Source "ChessBase"]
[SourceQuality "1"]
[TimeControl "40/5400+30:1800+30"]

1. e4 c5 2. Nf3 e6 3. d4 cxd4 4. Nxd4 Nf6 5. Nc3 Qb6 6. Nb3 Bb4 {[%emt 0:00:11] B40: Sicilian: 2...e6, Unusual lines.} 7. Bd2 Bxc3 8. Bxc3 Nxe4 {[%emt 0:00:07][%csl Ge4][%cal Rb6f2] [#] White is slightly better.} 9. Bd4 (9. Bxg7 $2 Qxf2#) 9... Qb4+ 10. c3 Qe7 11. Qg4 f5 $146 ({Predecessor:} 11... Nf6 12. Qxg7 Rf8 13. Bxf6 Qd6 14. Be5 Qc6 15. O-O-O d5 16. Nd4 Qb6 17. Qxh7 f6 18. Bc7 Rf7 19. Qg8+ Rf8 20. Qg6+ {1-0 Shvets,A-Taranenko,A Dnipropetrovsk Sinitsin Memorial 6th 2007 (9.9)}) 12. Qxg7 {[%emt 0:00:21] White is more active.} Qxg7 {[%emt 0:00:15] A sharp opening} 13. Bxg7 Rg8 14. Bd4 Nc6 15. Be3 $36 {[%emt 0:00:58][%mdl 2048] White has the initiative.} b6 16. a4 Bb7 17. a5 Nxa5 ({Black should play} 17... d5 $14) 18. Nxa5 $16 bxa5 19. Rxa5 Nf6 20. f3 $1 (20. Bxa7 $6 Bxg2 21. Bxg2 Rxg2 $11) (20. Rxa7 $6 Rxa7 21. Bxa7 Bxg2 $14) 20... Nd5 21. Bd2 (21. Bxa7 $6 Ne3 $14) 21... Ne7 22. b4 Nc6 23. Ra4 Ne5 24. Kf2 d5 25. Bb5+ Bc6 (25... Kf7 $16 26. Be2 a6) 26. Bxc6+ $18 Nxc6 27. Re1 Nd8 28. Ra5 Kd7 29. Ra6 Kc8 30. h4 Kb7 31. b5 Rg7 32. Bg5 Rc7 33. Rd6 Nf7 34. Rdxe6 Nxg5 35. hxg5 Rxc3 {[%emt 0:00:16][%mdl 4096] Endgame KRR-KRR} 36. Rd6 {[%emt 0:03:06] Hoping for Re7+.} Rg8 $2 {[%emt 0:02:50] [#]} (36... f4 {is a better defense.} 37. Re5 (37. Rxd5 a5 $18) 37... Rg8 38. Re7+ (38. Rdxd5 Rc2+ 39. Re2 Rc7 $18) (38. Rexd5 Rc7 $18) 38... Rc7 39. Rxc7+ Kxc7 40. Rxd5 Rg6) 37. f4 (37. Rxd5 $6 Rxg5 38. Re7+ Kb6 $16) 37... Rc4 38. Re7+ (38. Rxd5 Rxf4+ 39. Kg1 Re4 $18) 38... Kb8 39. g3 ({Not} 39. Rxh7 Rxf4+ 40. Ke3 Rb4 $18) 39... Rb4 $2 (39... Rc5 40. Rxh7 Rc2+ 41. Kf3 Rc3+ 42. Kg2 Rc2+ 43. Kf1 Rgc8) 40. Rxd5 {[%emt 0:01:10] White is clearly winning.} Rc8 41. Rxf5 Rb3 42. Kg2 {[%emt 0:02:47] Weighted Error Value: White=0.06 (flawless) /Black=0.41  Mistake:       	---       	Black=4      Inaccurate:     	---       	Black=4      OK:         	White=18    	Black=14     Best:        	White=3     	---} (42. Rxh7 $2 {is a self mate.} Rc2+ 43. Kg1 Rb1#) 1-0

[Event "FIDE WSTC Open 50 2025"]
[Site "Prague"]
[Date "2025.02.21"]
[Round "5.21"]
[White "Farrell, Neil"]
[Black "Svensson, Bengt"]
[Result "1/2-1/2"]
[Annotator "RC"]
[ECO "D26"]
[WhiteElo "2116"]
[BlackElo "2297"]
[PlyCount "60"]
[EventDate "2025.02.17"]
[EventType "team-tourn"]
[EventCountry "CZE"]
[SourceTitle "playchess.com"]
[Source "ChessBase"]
[SourceQuality "1"]
[TimeControl "40/5400+30:1800+30"]

1. d4 d5 2. c4 dxc4 3. Nf3 Nf6 4. e3 e6 5. Bxc4 a6 6. O-O c5 7. Bb3 Nc6 8. Nc3 cxd4 9. exd4 Be7 10. Bg5 O-O 11. Qd2 Na5 12. Bc2 b5 13. Qf4 Bb7 14. Qh4 g6 15. Ne4 Bxe4 16. Bxe4 Ra7 17. Bd3 Nh5 18. Bxe7 Qxe7 19. Qxe7 Rxe7 20. Rfc1 Nf4 21. Bf1 Nd5 22. Ne5 Rb7 23. Rc5 Rd8 24. Rac1 Nc4 25. b3 Nxe5 26. dxe5 Rbd7 27. a4 bxa4 28. bxa4 Nb4 29. Rc8 Kg7 30. Rxd8 Rxd8 1/2-1/2

[Event "FIDE WSTC Open 50 2025"]
[Site "Prague"]
[Date "2025.02.21"]
[Round "5.22"]
[White "Svenn, Gosta"]
[Black "Neave, George"]
[Result "1-0"]
[Annotator "RC"]
[ECO "A45"]
[WhiteElo "2290"]
[BlackElo "2074"]
[PlyCount "49"]
[EventDate "2025.02.17"]
[EventType "team-tourn"]
[EventCountry "CZE"]
[SourceTitle "playchess.com"]
[Source "ChessBase"]
[SourceQuality "1"]
[TimeControl "40/5400+30:1800+30"]

1. d4 Nf6 2. Nc3 d5 3. Bf4 g6 4. e3 Bg7 5. h4 h5 6. Nf3 O-O 7. Ne5 c5 8. Be2 cxd4 9. exd4 Nc6 10. Qd2 Ne4 11. Nxe4 dxe4 12. Nxc6 bxc6 13. O-O-O Qb6 14. Bh6 Rb8 15. b3 a5 16. Bxg7 Kxg7 17. g4 Bxg4 18. Bxg4 hxg4 19. h5 Rh8 20. Qf4 c5 21. h6+ Kf8 22. dxc5 Qa7 23. c6 Re8 24. c7 Qb7 25. Rd8 1-0

[Event "FIDE WSTC Open 50 2025"]
[Site "Prague"]
[Date "2025.02.21"]
[Round "5.23"]
[White "Robertson, Ian C."]
[Black "Jaderberg, Bjorn"]
[Result "1/2-1/2"]
[Annotator "ChessBase"]
[ECO "C01"]
[WhiteElo "2064"]
[BlackElo "2134"]
[PlyCount "91"]
[EventDate "2025.02.17"]
[EventType "team-tourn"]
[EventCountry "CZE"]
[SourceTitle "playchess.com"]
[Source "ChessBase"]
[SourceQuality "1"]
[TimeControl "40/5400+30:1800+30"]

1. d4 e6 2. e4 d5 3. exd5 exd5 4. Nf3 c6 5. c4 Nf6 6. Nc3 Be7 7. cxd5 Nxd5 8. Bc4 Be6 9. Qb3 b5 10. Bxd5 Bxd5 11. Nxd5 Qxd5 12. Be3 f6 13. O-O Na6 14. Nd2 Nb4 15. Rfc1 Qxb3 16. Nxb3 Kd7 17. a3 Nd5 18. Bd2 Bd6 19. g3 h5 20. h4 Rhe8 21. Re1 Rxe1+ 22. Rxe1 Re8 23. Rxe8 Kxe8 24. Kg2 Kd7 25. Kf3 Ke6 26. Ke4 Nb6 27. Na5 f5+ 28. Kd3 Kd5 29. Nb3 Nc4 30. Bc1 Be7 31. Na1 Bf6 32. Nc2 c5 33. b3 Nd6 34. Ne3+ Kc6 35. dxc5 Kxc5 36. Nc2 a5 37. Be3+ Kc6 38. Nd4+ Kd5 39. Ne2 Be5 40. Nf4+ Bxf4 41. Bxf4 Ne4 42. f3 Nc5+ 43. Kc3 a4 44. bxa4 Nxa4+ 45. Kb4 Kc6 46. Be5 1/2-1/2

[Event "FIDE WSTC Open 50 2025"]
[Site "Prague"]
[Date "2025.02.21"]
[Round "5.24"]
[White "Wengholm, Anders"]
[Black "Sanger, Mark"]
[Result "1/2-1/2"]
[Annotator "ChessBase"]
[ECO "A04"]
[WhiteElo "2132"]
[BlackElo "2135"]
[PlyCount "80"]
[EventDate "2025.02.17"]
[EventType "team-tourn"]
[EventCountry "CZE"]
[SourceTitle "playchess.com"]
[Source "ChessBase"]
[SourceQuality "1"]
[TimeControl "40/5400+30:1800+30"]

1. Nf3 e6 2. c4 Nf6 3. g3 b6 4. Bg2 Bb7 5. O-O Be7 6. Nc3 Ne4 7. Nxe4 Bxe4 8. d3 Bb7 9. e4 c5 10. Re1 O-O 11. d4 d6 12. d5 e5 13. Bh3 Bc8 14. Bxc8 Qxc8 15. Kg2 Nd7 16. Qd3 Qd8 17. a3 a5 18. b3 Nf6 19. Bd2 Nh5 20. b4 Qd7 21. bxc5 bxc5 22. h3 f5 23. Rab1 Rf7 24. exf5 Rxf5 25. Re3 Raf8 26. Rf1 Qe8 27. Nh2 Qg6 28. Rf3 Bg5 29. Rxf5 Rxf5 30. Ng4 Bxd2 31. Qxd2 Nf4+ 32. gxf4 h5 33. f3 Rxf4 34. Qxa5 hxg4 35. hxg4 e4 36. Qd8+ Rf8 37. Qd7 exf3+ 38. Rxf3 Qc2+ 39. Kg3 Rxf3+ 40. Kxf3 Qd3+ 1/2-1/2

[Event "FIDE WSTC Open 50 2025"]
[Site "Prague"]
[Date "2025.02.21"]
[Round "5.25"]
[White "Van der Werf, Mark"]
[Black "Olivier, Pierre"]
[Result "1-0"]
[Annotator "TA"]
[ECO "D11"]
[WhiteElo "2416"]
[BlackElo "2152"]
[PlyCount "77"]
[EventDate "2025.02.17"]
[EventType "team-tourn"]
[EventCountry "CZE"]
[SourceTitle "playchess.com"]
[Source "ChessBase"]
[SourceQuality "1"]
[TimeControl "40/5400+30:1800+30"]

1. d4 d5 2. c4 c6 3. Nf3 Nf6 4. Qc2 g6 5. cxd5 cxd5 6. Nc3 Nc6 {[%emt 0:03:04] D11: Slav Defence: 3 Nf3 sidelines and 3...Nf6 4 e3 Bg4.} 7. Bf4 Bg7 8. e3 O-O {[%emt 0:03:39] The position is equal.} 9. Be2 Bf5 10. Qb3 Na5 11. Qb4 Ne4 12. Rc1 Rc8 13. O-O Nxc3 14. Rxc3 Rxc3 15. Qxc3 {[%emt 0:01:34] [#]} Nc6 16. b4 $146 (16. Qb3 Qd7 17. Rc1 Bg4 18. h3 Bxf3 19. Bxf3 e6 20. Be2 Rc8 21. Qb5 a6 22. Qa4 {1-0 Andreikin,D (2729)-Ivic,V (2557) Titled Tuesday intern op 14th Nov Late blitz 2023 (7)}) 16... a6 17. a4 Bg4 (17... Qd7 $14) 18. Rc1 e5 19. dxe5 Bxf3 ({Black should try} 19... Qe7) 20. Bxf3 $16 (20. gxf3 Re8 $16) 20... d4 21. exd4 ({White should play} 21. Qc5 $18 dxe3 22. fxe3 (22. Bxe3 Nxe5 23. Be2 Nd3 $11) (22. Qxe3 Re8 $18)) 21... Nxd4 22. Rd1 (22. Bxb7 $2 {is the wrong capture.} Ne2+ 23. Kf1 Nxc3 $19) 22... Nxf3+ 23. Qxf3 Qe7 {[%emt 0:01:49][%csl LRb4,LRe5] Black is weak on the dark squares} 24. Qe4 Re8 25. h3 b5 (25... Bxe5 $16 26. Bxe5 Qxe5 27. Qxb7 Qf6) 26. axb5 $18 {[%emt 0:01:43] White is clearly better.} axb5 27. Rd5 f5 (27... g5 $16) 28. Qd4 g5 29. Rd7 Qe6 30. Bxg5 Qxe5 31. Qxe5 Rxe5 {[%emt 0:00:02][%mdl 4096] Endgame KRB-KRB. White is a pawn up.} 32. Be7 {[%emt 0:01:42] White has more active pieces.} h6 (32... Re1+ $16 {was necessary.} 33. Kh2 Re4) 33. Bc5 {[%emt 0:01:02][%cal Od7g7] [#] And now Rxg7+! would win.} Re1+ 34. Kh2 Be5+ 35. g3 f4 36. gxf4 Bxf4+ 37. Kg2 Bg5 38. Rb7 Re4 39. Rxb5 {[%emt 0:00:50] Weighted Error Value: White=0.11 (very precise) /Black=0.21 (precise)   Mistake:       	White=1     	Black=5      Inaccurate:     	---       	Black=3      OK:         	White=13    	Black=13     Best:        	White=4     	---} 1-0

[Event "FIDE WSTC Open 50 2025"]
[Site "Prague"]
[Date "2025.02.21"]
[Round "5.26"]
[White "Kirszenberg, Marc"]
[Black "Van Haastert, Edwin"]
[Result "0-1"]
[Annotator "TA"]
[ECO "E20"]
[WhiteElo "2080"]
[BlackElo "2408"]
[PlyCount "66"]
[EventDate "2025.02.17"]
[EventType "team-tourn"]
[EventCountry "CZE"]
[SourceTitle "playchess.com"]
[Source "ChessBase"]
[SourceQuality "1"]
[TimeControl "40/5400+30:1800+30"]

1. d4 Nf6 2. c4 e6 3. Nc3 Bb4 4. f3 c5 5. d5 d6 6. e4 b5 {[%emt 0:00:06] E20: Nimzo-Indian: 4 g3 and 4 f3.} 7. Nge2 bxc4 8. Nf4 g5 {[%emt 0:00:17] The position is equal.} (8... e5 $5 9. Nfe2 $8 Nbd7 $11) 9. Nfe2 exd5 10. exd5 Qe7 11. Bxg5 Bxc3+ 12. bxc3 Nbd7 {[%emt 0:00:20] Active counter play!} 13. Qd2 {[%emt 0:11:33] next 0-0-0 is good for White.} Rg8 14. h4 Ne5 15. Kf2 h6 $1 16. Bxh6 Nh5 {[%emt 0:00:06] Black sacrificed a pawn Prevents Ng3.} (16... Nd3+ $5 17. Kg1 Rb8 $14) 17. Nf4 $146 (17. Rh2 $11) (17. Rh2 Nd3+ 18. Kg1 Ne5 19. Kf2 Nd3+ 20. Kg1 Ne5 21. Kf2 Nd3+ {½-½ Xu,X (2623)-Lu,S (2607) CHN-chT Div A Finals 2023 (4.1)}) 17... Ng3 $17 {[%emt 0:00:39] Excellent horsemanship. Black keeps a firm grip on the game.} 18. Rh2 {[%emt 0:00:40] [#]} (18. Be2 $17) 18... Ne4+ $1 $19 19. fxe4 Ng4+ 20. Kg1 Nxh2 21. Kxh2 (21. Bg5 f6 22. Kxh2 fxg5 23. hxg5) 21... Qxh4+ 22. Kg1 {[%emt 0:03:58] Ne2 is the strong threat.} Qxh6 23. Bxc4 Rb8 24. Rf1 Rh8 25. Bb3 Bd7 26. Qe3 Qg5 (26... c4 $142 27. Bd1 Qh2+ 28. Kf2 Rb2+ 29. Ke1 Rg8 (29... Rxa2 $2 30. e5 $19)) 27. Qf2 (27. e5 {might work better.} dxe5 (27... Qxe5 28. Qxe5+ dxe5 29. Nd3 $11) 28. d6) 27... Qe5 28. Qe3 Rh6 29. Rf3 Ke7 30. Nd3 Qh2+ (30... Qxc3 $2 {is the wrong capture.} 31. Qxh6 Qa1+ 32. Kf2 Qd4+ 33. Re3 $18) 31. Kf2 $2 (31. Kf1 {was the only defense.} Qh1+ 32. Ke2 Qxg2+ 33. Nf2) 31... Rg8 32. Nf4 Rg5 {[%emt 0:01:52] And now ...Rf6 would win.} 33. Rg3 $2 (33. Ke1) 33... Qh4 {[%emt 0:01:24] Weighted Error Value: White=0.68/Black=0.24 (precise)   Mistake:       	White=6     	Black=1      Inaccurate:     	White=2     	Black=1      OK:         	White=8     	Black=10     Best:        	White=4     	Black=8      Strong:       	---       	Black=1      Brilliant:      	---       	Black=1} 0-1

[Event "FIDE WSTC Open 50 2025"]
[Site "Prague"]
[Date "2025.02.21"]
[Round "5.28"]
[White "Keller, Christophe"]
[Black "Kindt, Manfred"]
[Result "1/2-1/2"]
[Annotator "NA"]
[ECO "C28"]
[WhiteElo "1997"]
[BlackElo "2049"]
[PlyCount "34"]
[EventDate "2025.02.17"]
[EventType "team-tourn"]
[EventCountry "CZE"]
[SourceTitle "playchess.com"]
[Source "ChessBase"]
[SourceQuality "1"]
[TimeControl "40/5400+30:1800+30"]

1. e4 e5 2. Nc3 Nf6 3. Bc4 Nc6 4. d3 Na5 5. Nge2 Bc5 6. Ng3 Nxc4 7. dxc4 d6 8. Na4 Be6 9. Nxc5 dxc5 10. Qxd8+ Rxd8 11. b3 Nd7 12. Bb2 O-O 13. O-O f6 14. Rfd1 Nb8 15. Nf1 Nc6 16. Ne3 Rxd1+ 17. Rxd1 Rd8 1/2-1/2